 Dungeon Sprint DCSS version 0.17-a0-1420-geb41feb (webtiles) character file.

47847 BluebellGnoll the Gelid (level 14, -9/76 HPs)
             Began as an Octopode Ice Elementalist on June 23, 2015.
             Was the Champion of Vehumet.
             Hit by a large rock thrown by a stone giant (26 damage)
             ... in the Dungeon (Sprint IX: "|||||||||||||||||||||||||||||") on June 24, 2015.
             The game lasted 01:05:15 (4743 turns).

BluebellGnoll the Gelid (Octopode Ice Elementalist) Turns: 4743, Time: 01:05:15

Health: -9/76      AC:  8    Str:  8    XL:     14   Next: 43%
Magic:  1/38       EV: 19    Int: 21    God:    Vehumet [******]
Gold:   22         SH:  0    Dex: 16    Spells: 11 memorised, 10 levels left

rFire  + . .     SeeInvis .     q - +2 halberd (protect)
rCold  + . .     Clarity  .     (no shield)
rNeg   . . .     SustAt   .     B - +0 hat
rPois  .         Gourm    .     (no amulet)
rElec  .         Spirit   .     v - +2 ring of protection
rCorr  .         Warding  .     w - +3 ring of dexterity
rMut   .         NoTele   +     H - ring of protection from cold
MR     ++...                    I - ring of protection from fire
Stlth  +++.......               K - ring of protection from magic
                                (no ring)
                                (no ring)
                                (no ring)

@: very resistant to hostile enchantments, fairly stealthy
A: almost no armour, amphibious, 8 rings, constrict 8, camouflage 1, gelatinous
body 1
a: Renounce Religion


You were in the Dungeon.
You worshipped Vehumet.
Vehumet was exalted by your worship.
You were not hungry.

You visited 1 branch You collected 1924 gold pieces.
You spent 1902 gold pieces at shops.

Inventory:

Hand weapons
 p - the +1 broad axe "Yxyoga" {vamp, rElec MR- Dex+4}
   (You found it in the Dungeon)

   It inflicts no extra harm, but heals its wielder somewhat when it strikes a
   living foe.
   It affects your dexterity (+4).
   It insulates you from electricity.
   It affects your resistance to hostile enchantments.
 q - a +2 halberd of protection (weapon)
 r - a +2 morningstar of crushing
 s - a +4 quarterstaff of speed
 t - a +2 rapier of draining
 u - a +2 scimitar of holy wrath
 Q - the cursed +1 dire flail of Dissent {drain, Str+3 Int+3}
   (You found it in the Dungeon)

   A truly terrible weapon, it drains the life of those it strikes.
   It affects your strength (+3).
   It affects your intelligence (+3).
   It has a curse placed upon it.
Missiles
 R - 6 javelins (quivered)
 U - 6 throwing nets
Armour
 i - a +2 buckler of protection
 B - a +0 hat (worn)
Magical staves
 o - an uncursed staff of energy
 y - an uncursed staff of summoning
Jewellery
 v - a +2 ring of protection (left tentacle)
 w - a +3 ring of dexterity (right tentacle)
 E - an uncursed ring of fire
 H - a ring of protection from cold (on tentacle)
 I - a ring of protection from fire (on tentacle)
 K - a ring of protection from magic (on tentacle)
Magical devices
 n - a wand of draining (9)
Scrolls
 h - 2 scrolls of blinking
 l - 5 scrolls of remove curse
 m - a scroll of amnesia
 A - 3 scrolls of fog
 C - 6 scrolls of enchant armour
 D - a scroll of fear
Potions
 c - 11 potions of curing
 d - 2 potions of heal wounds
 e - 2 potions of haste
 f - 4 potions of magic
 g - 3 potions of berserk rage
 j - a potion of might
 k - a potion of invisibility
 x - a potion of cure mutation
 z - a potion of brilliance
 J - a potion of cancellation
 S - a potion of agility
Books
 a - a book of Frost

   Spells                             Type                      Level
   a - Freeze                         Ice                          1
   b - Throw Frost                    Conjuration/Ice              2
   c - Ozocubu's Armour               Charms/Ice                   3
   d - Throw Icicle                   Conjuration/Ice              4
   e - Summon Ice Beast               Ice/Summoning                4
   f - Condensation Shield            Ice                          4
 L - a book of the Tempests

   Spells                             Type                      Level
   a - Static Discharge               Conjuration/Air              3
   b - Lightning Bolt                 Conjuration/Air              5
   c - Fireball                       Conjuration/Fire             5
   d - Tornado                        Air                          9
   e - Shatter                        Earth                        9
Miscellaneous
 M - a sack of spiders
Comestibles
 b - 16 bread rations
 F - 40 fruits
 G - 20 meat rations
 N - 2 slices of pizza
 O - 3 beef jerkies
 P - 2 royal jellies
 T - 12 chunks of flesh


   Skills:
 - Level 10.6 Dodging
 - Level 2.6 Stealth
 - Level 20.4 Spellcasting
 + Level 19.5 Conjurations
 - Level 20.6 Ice Magic


You had 10 spell levels left.
You knew the following spells:

 Your Spells              Type           Power        Failure   Level  Hunger
a - Freeze                Ice            ####         0%          1    None
b - Fireball              Conj/Fire      ######....   1%          5    None
c - Ozocubu's Armour      Chrm/Ice       ######..     1%          3    None
d - Dazzling Spray        Conj/Hex       ######..     1%          3    None
e - Throw Icicle          Conj/Ice       #######.     0%          4    None
f - Summon Ice Beast      Ice/Summ       ######..     1%          4    None
g - Shock                 Conj/Air       ####         1%          1    None
h - Bolt of Magma         Conj/Fire/Erth #####.....   1%          5    None
i - Lightning Bolt        Conj/Air       ######....   1%          5    None
j - Ozocubu's Refrigerat  Ice            #######...   1%          6    ####...
l - Freezing Cloud        Conj/Ice/Air   ######....   1%          6    ####...


Dungeon Overview and Level Annotations

Branches:
Dungeon (1/1)

Altars:
Cheibriados
Dithmenos
Elyvilon
Fedhas
Gozag
Kikubaaqudgha
Makhleb
Nemelex Xobeh
Okawaru
Qazlal
Ru
Sif Muna
Trog
Vehumet
Xom
Yredelemnul
Zin
The Shining One
Beogh
Jiyva
Lugonu

Shops:
D **%


Innate Abilities, Weirdness & Mutations

You cannot wear most types of armour.
You are amphibious.
You can wear up to eight rings at the same time.
You can use your tentacles to constrict eight enemies at once.
Your skin changes colour to match your surroundings (Stealth).
Your rubbery body absorbs attacks (AC +1).


Message History

Press: ? - help, Shift-Dir - straight line, f/p - stone giant
Aim: a stone giant (freezing vapour, heavily wounded)
The zap hits the stone giant.
The stone giant appears unharmed.
The stone giant is heavily wounded.
The stone giant is engulfed in freezing vapours.
The stone giant completely misses you.
You hit the stone giant but do no damage.
You squeeze the stone giant, but do no damage.
The stone giant is severely wounded.
The stone giant is engulfed in freezing vapours.
The stone giant hits you! x2
You hit the stone giant but do no damage.
You squeeze the stone giant, but do no damage.
The stone giant is almost dead.
The stone giant is engulfed in freezing vapours.
The stone giant hits you!
* * * LOW HITPOINT WARNING * * *
The stone giant is engulfed in freezing vapours.
The stone giant throws a large rock.
The large rock hits you!!
You die...

▓▓▓▓▓▓▓▓▓▓▓▓▓▓▓▓▓▓▓▓▓▓▓▓▓
▓...[).(@(C§§§§§§['((([.)
▓.▓▓▓▓▓▓▓▓▓▓▓▓▓▓▓▓▓▓▓▓▓▓▓
▓........................
▓▓▓▓▓▓▓▓▓▓▓▓▓▓▓▓▓▓▓▓▓▓▓▓▓
▓...............'[.))...)
▓.▓▓▓▓▓▓▓▓▓▓▓▓▓▓▓▓▓▓▓▓▓▓▓
▓........................
▓▓▓▓▓▓▓▓▓▓▓▓▓▓▓▓▓▓▓▓▓▓▓▓▓
▓.........'.....[)[))))).


You could see a stone giant.

Vanquished Creatures
  A sphinx (D)
  Gastronok (D)
  A fire giant (D)
  An ironheart preserver (D)
  3 stone giants (D)
  Josephine (D)
  3 fire dragons (D)
  A great orb of eyes (D)
  A yaktaur captain (D)
  3 ice dragons (D)
  An ogre mage (D)
  A naga warrior (D)
  An entropy weaver (D)
  A centaur warrior (D)
  An anaconda (D)
  2 tengu warriors (D)
  2 deep troll shamans (D)
  Urug (D)
  An orc high priest (D)
  A hell knight (D)
  A sea snake (D)
  A shambling mangrove (D)
  A shadow wraith (D)
  A spriggan druid (D)
  2 giant orange brains (D)
  A naga ritualist (D)
  4 hill giants (D)
  A griffon (D)
  An orc knight (D)
  7 orc sorcerers (D)
  A mana viper (D)
  An orb spider (D)
  2 ironbrand convokers (D)
  A wolf spider (D)
  An ugly thing (D)
  2 water nymphs (D)
  Maurice (D)
  A cyclops (D)
  2 black mambas (D)
  A siren (D)
  2 spiny frogs (D)
  A naga mage (D)
  A fire drake (D)
  An efreet (D)
  2 yaktaurs (D)
  A demonic crawler (D)
  2 komodo dragons (D)
  A troll (D)
  A troll (shapeshifter) (D)
  2 polar bears (D)
  2 merfolk (D)
  2 slime creatures (D)
  A snapping turtle (D)
  A boulder beetle (D)
  2 yaks (D)
  A redback (D)
  2 trapdoor spiders (D)
  4 wraiths (D)
  3 tarantellas (D)
  Eustachio (D)
  2 nagas (D)
  A soldier ant (D)
  A mottled dragon (D)
  An insubstantial wisp (D)
  A vampire mosquito (D)
  4 water moccasins (D)
  8 orc warriors (D)
  3 swamp drakes (D)
  A porcupine (D)
  An eye of draining (D)
  5 black bears (D)
  A wasp (D)
  A crocodile (D)
  7 giant frogs (D)
  7 orc priests (D)
  9 orc wizards (D)
  A hound (D)
  A worker ant (D)
  An adder (D)
  An ooze (shapeshifter) (D)
  2 adder zombies (D)
  2 giant geckos (D)
  5 orcs (D)
  A goblin (D)
  2 hobgoblins (D)
  A bat (D)
  A giant cockroach zombie (D)
  3 kobolds (D)
  A rat (D)
  2 fungi (D)
171 creatures vanquished.

Vanquished Creatures (collateral kills)
  A merfolk (D)
  A black bear (D)
  An orc wizard (D)
3 creatures vanquished.

Vanquished Creatures (others)
  A vampire knight (D)
  A deep troll shaman (D)
2 creatures vanquished.

Grand Total: 176 creatures vanquished

Notes
Turn   | Place    | Note
--------------------------------------------------------------
     0 | D        | BluebellGnoll the Octopode Ice Elementalist began the quest for the Orb.
     0 | D        | Reached XP level 1. HP: 11/11 MP: 3/3
   187 | D        | Reached skill level 4 in Spellcasting
   187 | D        | Reached XP level 2. HP: 17/17 MP: 7/7
   211 | D        | Found a glowing silver altar of Zin.
   211 | D        | Found a glowing golden altar of the Shining One.
   211 | D        | Found an ancient bone altar of Kikubaaqudgha.
   211 | D        | Found a basalt altar of Yredelemnul.
   211 | D        | Found a shimmering altar of Xom.
   211 | D        | Found a radiant altar of Vehumet.
   212 | D        | Found an iron altar of Okawaru.
   213 | D        | Found a burning altar of Makhleb.
   214 | D        | Found a deep blue altar of Sif Muna.
   215 | D        | Found a bloodstained altar of Trog.
   216 | D        | Found a sparkling altar of Nemelex Xobeh.
   217 | D        | Found a white marble altar of Elyvilon.
   218 | D        | Found a roughly hewn altar of Beogh.
   219 | D        | Became a worshipper of Vehumet
   220 | D        | Found a viscous altar of Jiyva.
   221 | D        | Found a corrupted altar of Lugonu.
   222 | D        | Found a blossoming altar of Fedhas.
   223 | D        | Found a snail-covered altar of Cheibriados.
   224 | D        | Found a shadowy altar of Dithmenos.
   225 | D        | Found a stormy altar of Qazlal.
   226 | D        | Found an opulent altar of Gozag.
   227 | D        | Found a sacrificial altar of Ru.
   245 | D        | Got the +1 broad axe "Yxyoga" {vamp, rElec MR- Dex+4}
   259 | D        | Learned a level 2 spell: Throw Frost
   312 | D        | Noticed a hound
   312 | D        | Noticed a giant frog
   312 | D        | Noticed a soldier ant
   312 | D        | Noticed a hill giant
   320 | D        | Killed a hound
   320 | D        | Reached skill level 5 in Spellcasting
   320 | D        | Reached XP level 3. HP: 21/21 MP: 0/10
   325 | D        | Acquired Vehumet's first power
   325 | D        | Offered knowledge of Shock by Vehumet.
   325 | D        | Reached skill level 6 in Spellcasting
   326 | D        | Killed a giant frog
   326 | D        | Reached skill level 7 in Spellcasting
   326 | D        | Reached skill level 5 in Conjurations
   326 | D        | Reached XP level 4. HP: 25/27 MP: 2/13
   326 | D        | Reached XP level 5. HP: 28/31 MP: 2/15
   331 | D        | Killed a soldier ant
   331 | D        | Reached skill level 9 in Spellcasting
   331 | D        | Reached XP level 6. HP: 32/36 MP: 1/18
   350 | D        | Killed a hill giant
   350 | D        | Reached skill level 11 in Spellcasting
   350 | D        | Reached XP level 7. HP: 33/41 MP: 0/22
   381 | D        | Noticed a troll
   381 | D        | Noticed a worker ant
   381 | D        | Noticed an efreet
   381 | D        | Noticed an orc wizard
   381 | D        | Noticed an eye of draining
   381 | D        | Noticed a mottled dragon
   410 | D        | Learned a level 4 spell: Throw Icicle
   414 | D        | Learned a level 3 spell: Ozocubu's Armour
   419 | D        | Learned a level 4 spell: Summon Ice Beast
   421 | D        | Learned a level 1 spell: Shock
   438 | D        | Killed a troll
   438 | D        | Offered knowledge of Throw Flame by Vehumet.
   438 | D        | Reached XP level 8. HP: 46/46 MP: 7/23
   460 | D        | Killed a worker ant
   463 | D        | Killed an efreet
   466 | D        | Killed an orc wizard
   466 | D        | Acquired Vehumet's second power
   541 | D        | Killed an eye of draining
   574 | D        | Killed a mottled dragon
   574 | D        | Reached skill level 10 in Ice Magic
   868 | D        | Noticed a water moccasin
   868 | D        | Noticed a giant frog
   868 | D        | Noticed a komodo dragon
   868 | D        | Noticed a giant frog
   868 | D        | Noticed a crocodile
   868 | D        | Noticed a giant frog
   870 | D        | Noticed a giant frog
   871 | D        | Killed a water moccasin
   871 | D        | Offered knowledge of Dazzling Spray by Vehumet.
   873 | D        | Noticed a giant frog
   874 | D        | Killed a giant frog
   874 | D        | Reached skill level 10 in Conjurations
   876 | D        | Killed a komodo dragon
   876 | D        | Acquired Vehumet's third power
   876 | D        | Reached XP level 9. HP: 49/51 MP: 17/24
   877 | D        | Killed a giant frog
   877 | D        | Reached skill level 5 in Dodging
   879 | D        | Killed a giant frog
   880 | D        | Killed a crocodile
   880 | D        | Killed a giant frog
   881 | D        | Noticed a porcupine
   881 | D        | Killed a giant frog
   882 | D        | Killed a porcupine
   913 | D        | Learned a level 3 spell: Dazzling Spray
   913 | D        | Noticed a yak
   913 | D        | Noticed a yak
   913 | D        | Noticed a water moccasin
   913 | D        | Noticed a giant frog
   913 | D        | Noticed a komodo dragon
   913 | D        | Noticed a fire drake
   919 | D        | Killed a yak
   919 | D        | Offered knowledge of Mephitic Cloud by Vehumet.
   923 | D        | Noticed a water moccasin
   927 | D        | Killed a yak
   936 | D        | Killed a water moccasin
   936 | D        | Reached skill level 12 in Conjurations
   958 | D        | Killed a giant frog
   961 | D        | Killed a komodo dragon
   962 | D        | HP: 2/51 [fire drake (7)]
   969 | D        | Killed a fire drake
   982 | D        | Killed a water moccasin
   982 | D        | Reached XP level 10. HP: 29/56 MP: 7/25
  1021 | D        | Noticed a spiny frog
  1024 | D        | Killed a spiny frog
  1024 | D        | Reached skill level 10 in Dodging
  1041 | D        | Noticed a water moccasin
  1059 | D        | Killed a water moccasin
  1059 | D        | Offered knowledge of Bolt of Magma by Vehumet.
  1080 | D        | Learned a level 5 spell: Bolt of Magma
  1080 | D        | Noticed a polar bear
  1080 | D        | Noticed a black bear
  1080 | D        | Noticed a black bear
  1080 | D        | Noticed a black bear
  1080 | D        | Noticed a black bear
  1080 | D        | Noticed a polar bear
  1089 | D        | Killed a polar bear
  1089 | D        | Offered knowledge of Spellforged Servitor by Vehumet.
  1089 | D        | Reached skill level 13 in Conjurations
  1153 | D        | Killed a black bear
  1153 | D        | Killed a black bear
  1176 | D        | Noticed a black bear
  1184 | D        | Killed a polar bear
  1190 | D        | Killed a black bear
  1190 | D        | Reached skill level 14 in Conjurations
  1191 | D        | Killed a black bear
  1244 | D        | Noticed a black bear
  1245 | D        | Killed a black bear
  1248 | D        | Killed a black bear
  1320 | D        | Noticed Maurice
  1405 | D        | Noticed a wraith
  1407 | D        | Noticed a wraith
  1413 | D        | Killed a wraith
  1413 | D        | Offered knowledge of Lightning Bolt by Vehumet.
  1414 | D        | Killed a wraith
  1446 | D        | Noticed Josephine
  1447 | D        | Upgraded the game from 0.17-a0-1411-g06ff558 to 0.17-a0-1420-geb41feb
  1454 | D        | Learned a level 5 spell: Lightning Bolt
  1457 | D        | Noticed a wraith
  1460 | D        | Noticed a wraith
  1460 | D        | Killed Josephine
  1554 | D        | Killed a wraith
  1562 | D        | Killed a wraith
  1717 | D        | Noticed an orc wizard
  1717 | D        | Noticed an orc wizard
  1717 | D        | Noticed an orc priest
  1717 | D        | Noticed an orc warrior
  1718 | D        | Killed an orc wizard
  1721 | D        | Noticed an orc priest
  1721 | D        | Killed an orc priest
  1721 | D        | Offered knowledge of Poison Arrow by Vehumet.
  1726 | D        | Killed an orc wizard
  1732 | D        | Killed an orc priest
  1736 | D        | Noticed an orc priest
  1737 | D        | Killed an orc warrior
  1740 | D        | Killed an orc priest
  1741 | D        | Noticed an orc priest
  1746 | D        | Killed an orc priest
  1775 | D        | Noticed an orc wizard
  1792 | D        | Killed an orc wizard
  1793 | D        | Noticed an orc priest
  1795 | D        | Killed an orc priest
  1855 | D        | Noticed an orc priest
  1855 | D        | Killed an orc priest
  1895 | D        | Noticed an orc priest
  1895 | D        | Noticed an orc warrior
  1895 | D        | Noticed an orc warrior
  1895 | D        | Noticed an orc warrior
  1895 | D        | Noticed an orc warrior
  1897 | D        | Killed an orc priest
  1898 | D        | Killed an orc warrior
  1898 | D        | Offered knowledge of Ozocubu's Refrigeration by Vehumet.
  1898 | D        | Reached XP level 11. HP: 42/61 MP: 18/28
  1898 | D        | Killed an orc warrior
  1899 | D        | Noticed an orc warrior
  1900 | D        | Killed an orc warrior
  1901 | D        | Noticed an orc warrior
  1902 | D        | Killed an orc warrior
  1903 | D        | Noticed an orc high priest
  1940 | D        | Killed an orc warrior
  1949 | D        | Killed an orc warrior
  2018 | D        | Killed an orc high priest
  2043 | D        | Learned a level 6 spell: Ozocubu's Refrigeration
  2046 | D        | Noticed an orc warrior
  2049 | D        | Noticed an orc knight
  2060 | D        | Killed an orc warrior
  2080 | D        | Killed an orc knight
  2080 | D        | Offered knowledge of Freezing Cloud by Vehumet.
  2102 | D        | Learned a level 6 spell: Freezing Cloud
  2205 | D        | Found Xobej's Assorted Antiques.
  2205 | D        | Noticed an orc wizard
  2205 | D        | Noticed an orc wizard
  2205 | D        | Noticed an orc sorcerer
  2205 | D        | Noticed an orc wizard
  2205 | D        | Noticed an orc sorcerer
  2207 | D        | Killed an orc sorcerer
  2207 | D        | Killed an orc wizard
  2209 | D        | Killed an orc wizard
  2210 | D        | Killed an orc wizard
  2210 | D        | Killed an orc wizard
  2210 | D        | Killed an orc sorcerer
  2210 | D        | Reached skill level 15 in Spellcasting
  2211 | D        | Killed an orc sorcerer
  2222 | D        | Found Zaoph's Food Shoppe.
  2224 | D        | Noticed an orc wizard
  2226 | D        | Noticed an orc sorcerer
  2227 | D        | Noticed an orc sorcerer
  2227 | D        | Killed an orc sorcerer
  2227 | D        | Offered knowledge of Bolt of Fire by Vehumet.
  2230 | D        | Noticed an orc wizard
  2230 | D        | Killed an orc sorcerer
  2230 | D        | Killed an orc wizard
  2232 | D        | Killed an orc wizard
  2237 | D        | Noticed an orc sorcerer
  2238 | D        | Noticed an orc sorcerer
  2239 | D        | Paralysed by an orc sorcerer for 4 turns
  2245 | D        | Killed an orc sorcerer
  2245 | D        | Reached skill level 16 in Spellcasting
  2245 | D        | Killed an orc sorcerer
  2278 | D        | Found Huyneul's General Store.
  2284 | D        | Found Wori's Food Shoppe.
  2290 | D        | Bought a scroll labeled GINE TIMAO for 22 gold pieces
  2290 | D        | Bought a gold wand for 88 gold pieces
  2290 | D        | Bought a smoky pink potion for 19 gold pieces
  2290 | D        | Bought a scroll labeled KEMIAMAGUKHLY for 22 gold pieces
  2290 | D        | Bought a metal-bound book for 330 gold pieces
  2314 | D        | Bought a sack of spiders for 440 gold pieces
  2314 | D        | Bought a scroll of identify for 44 gold pieces
  2318 | D        | Bought a potion of curing for 39 gold pieces
  2322 | D        | Bought a potion of curing for 66 gold pieces
  2322 | D        | Bought a scroll of remove curse for 66 gold pieces
  2326 | D        | Bought a meat ration for 50 gold pieces
  2326 | D        | Bought a meat ration for 50 gold pieces
  2326 | D        | Bought a meat ration for 50 gold pieces
  2326 | D        | Bought a meat ration for 50 gold pieces
  2326 | D        | Bought a meat ration for 50 gold pieces
  2326 | D        | Bought a bread ration for 50 gold pieces
  2326 | D        | Bought a bread ration for 50 gold pieces
  2332 | D        | Bought a meat ration for 65 gold pieces
  2332 | D        | Bought a bread ration for 65 gold pieces
  2332 | D        | Bought a slice of pizza for 19 gold pieces
  2332 | D        | Bought a beef jerky for 19 gold pieces
  2334 | D        | Bought a slice of pizza for 15 gold pieces
  2334 | D        | Bought a royal jelly for 20 gold pieces
  2334 | D        | Bought a beef jerky for 15 gold pieces
  2334 | D        | Bought a beef jerky for 15 gold pieces
  2334 | D        | Bought a slice of pizza for 15 gold pieces
  2346 | D        | Bought a meat ration for 70 gold pieces
  2346 | D        | Bought a meat ration for 70 gold pieces
  2346 | D        | Bought a royal jelly for 28 gold pieces
  2372 | D        | Noticed Urug
  2420 | D        | Killed Urug
  2421 | D        | Killed Eustachio
  2477 | D        | Noticed Gastronok
  2482 | D        | Killed Gastronok
  2482 | D        | Offered knowledge of Delayed Fireball by Vehumet.
  2482 | D        | Reached skill level 17 in Spellcasting
  2482 | D        | Reached XP level 12. HP: 66/66 MP: 6/33
  2563 | D        | Killed Maurice
  2673 | D        | Got the cursed +1 dire flail of Dissent {drain, Str+3 Int+3}
  2741 | D        | Got the +1 shield of the Shining One's Whim {Int+2}
  2771 | D        | Noticed a centaur warrior
  2771 | D        | Noticed a hill giant
  2771 | D        | Noticed a cyan ugly thing
  2771 | D        | Noticed a vampire mosquito
  2771 | D        | Noticed a tengu warrior
  2773 | D        | Killed a vampire mosquito
  2773 | D        | Reached skill level 18 in Spellcasting
  2774 | D        | Killed a hill giant
  2775 | D        | Killed a centaur warrior
  2775 | D        | Killed a troll
  2777 | D        | Killed a hill giant
  2778 | D        | Killed a tengu warrior
  2778 | D        | Reached skill level 19 in Spellcasting
  2779 | D        | Killed a cyan ugly thing
  2779 | D        | Offered knowledge of Lehudib's Crystal Spear by Vehumet.
  2779 | D        | Offered knowledge of Fire Storm by Vehumet.
  2779 | D        | Offered knowledge of Glaciate by Vehumet.
  2781 | D        | Noticed a deep troll shaman
  2787 | D        | Killed a deep troll shaman
  3077 | D        | Noticed a great orb of eyes
  3087 | D        | Killed a great orb of eyes
  3098 | D        | Noticed a yaktaur
  3102 | D        | Killed a yaktaur
  3104 | D        | Noticed an ice dragon
  3163 | D        | Learned a level 5 spell: Fireball
  3187 | D        | Killed an ice dragon
  3187 | D        | Reached skill level 20 in Spellcasting
  3189 | D        | Noticed a fire dragon
  3222 | D        | Killed a fire dragon
  3392 | D        | Noticed a naga mage
  3392 | D        | Noticed a naga
  3392 | D        | Noticed an anaconda
  3392 | D        | Noticed a naga warrior
  3392 | D        | Noticed a mana viper
  3392 | D        | Noticed a naga ritualist
  3395 | D        | Killed a mana viper
  3395 | D        | Killed a black mamba
  3395 | D        | Reached skill level 15 in Conjurations
  3395 | D        | Killed a naga mage
  3396 | D        | Killed a naga
  3396 | D        | Killed an anaconda
  3397 | D        | Killed a naga
  3399 | D        | Killed a naga ritualist
  3401 | D        | Killed a naga warrior
  3401 | D        | Reached XP level 13. HP: 61/71 MP: 7/37
  3404 | D        | Noticed a black mamba
  3405 | D        | Killed a black mamba
  3503 | D        | Noticed a tarantella
  3503 | D        | Noticed a tarantella
  3503 | D        | Noticed a wolf spider
  3503 | D        | Noticed an orb spider
  3505 | D        | Killed a tarantella
  3506 | D        | Killed a tarantella
  3508 | D        | Killed an orb spider
  3508 | D        | Killed a trapdoor spider
  3509 | D        | Killed a wolf spider
  3510 | D        | Killed a tarantella
  3596 | D        | Noticed a demonic crawler
  3598 | D        | Noticed a redback
  3598 | D        | Killed a trapdoor spider
  3598 | D        | Killed a redback
  3602 | D        | Killed a demonic crawler
  3714 | D        | Noticed a spriggan druid
  3714 | D        | Noticed a swamp drake
  3714 | D        | Noticed a shambling mangrove
  3714 | D        | Noticed an insubstantial wisp
  3716 | D        | Killed a spiny frog
  3717 | D        | Noticed a swamp drake
  3717 | D        | Killed a spriggan druid
  3717 | D        | Killed a shambling mangrove
  3718 | D        | Killed a swamp drake
  3719 | D        | Killed a swamp drake
  3720 | D        | Killed a swamp drake
  3720 | D        | Reached skill level 15 in Ice Magic
  3721 | D        | Killed an insubstantial wisp
  3766 | D        | Noticed a siren
  3766 | D        | Noticed a sea snake
  3766 | D        | Noticed a snapping turtle
  3766 | D        | Noticed a merfolk
  3766 | D        | Noticed a merfolk
  3766 | D        | Noticed a cyclops
  3768 | D        | Killed a sea snake
  3769 | D        | Killed a merfolk
  3769 | D        | Killed a siren
  3770 | D        | Killed a merfolk
  3771 | D        | Killed a water nymph
  3771 | D        | Killed a cyclops
  3777 | D        | Noticed a merfolk
  3784 | D        | Killed a snapping turtle
  3787 | D        | Killed a merfolk
  3795 | D        | Noticed a water nymph
  3798 | D        | Killed a water nymph
  3932 | D        | Noticed a tengu warrior
  3932 | D        | Noticed a yaktaur
  3932 | D        | Noticed a fire dragon
  3932 | D        | Noticed a stone giant
  3932 | D        | Noticed an ogre mage
  3932 | D        | Noticed a giant orange brain
  3934 | D        | Killed a giant orange brain
  3935 | D        | Killed a yaktaur
  3937 | D        | Killed a tengu warrior
  3937 | D        | Killed a stone giant
  3937 | D        | Killed an ogre mage
  3938 | D        | Noticed an entropy weaver
  3938 | D        | Killed a fire dragon
  3939 | D        | Killed an entropy weaver
  3940 | D        | Killed a fire dragon
  3941 | D        | Noticed a deep troll shaman
  3943 | D        | Noticed a fire giant
  3956 | D        | Killed a deep troll shaman
  3985 | D        | Killed a fire giant
  4020 | D        | Noticed a hell knight
  4026 | D        | Killed a hell knight
  4029 | D        | Noticed a stone giant
  4033 | D        | Killed a stone giant
  4110 | D        | Noticed a slime creature
  4112 | D        | Noticed an ice dragon
  4113 | D        | Killed a slime creature
  4113 | D        | Reached XP level 14. HP: 76/76 MP: 23/38
  4114 | D        | Noticed a vampire knight
  4117 | D        | Noticed a stone giant
  4119 | D        | Noticed an ice dragon
  4367 | D        | Killed an ice dragon
  4370 | D        | Killed a vampire knight
  4436 | D        | Killed a stone giant
  4529 | D        | Killed an ice dragon
  4578 | D        | Noticed a deep troll shaman
  4592 | D        | Killed a deep troll shaman
  4672 | D        | Noticed a hill giant
  4672 | D        | Noticed a slime creature
  4672 | D        | Noticed an ironbrand convoker
  4672 | D        | Noticed a giant orange brain
  4672 | D        | Noticed a sphinx
  4672 | D        | Noticed an ironbrand convoker
  4674 | D        | Killed an ironbrand convoker
  4675 | D        | Killed a hill giant
  4675 | D        | Killed a slime creature
  4675 | D        | Killed an ironbrand convoker
  4675 | D        | Killed a giant orange brain
  4676 | D        | Noticed a yaktaur captain
  4676 | D        | Killed a sphinx
  4677 | D        | Killed a yaktaur captain
  4682 | D        | Killed a shadow wraith
  4693 | D        | Noticed a boulder beetle
  4696 | D        | Noticed a griffon
  4696 | D        | Killed a boulder beetle
  4698 | D        | Noticed an ironheart preserver
  4699 | D        | Killed a griffon
  4701 | D        | Noticed a stone giant
  4736 | D        | Killed an ironheart preserver
  4743 | D        | Hit by a large rock thrown by a stone giant

Vault maps used:
D:        linesprint

Action                   |  1- 3 |  4- 6 |  7- 9 | 10-12 | 13-15 || total
-------------------------+-------+-------+-------+-------+-------++-------
Melee: Unarmed           |     4 |       |       |       |       ||     4
       Short sword       |     6 |       |       |       |       ||     6
       Halberd           |     3 |       |       |     9 |     2 ||    14
       Staff             |       |       |     7 |       |       ||     7
 Cast: Freeze            |    16 |     5 |    22 |     4 |    10 ||    57
       Throw Frost       |     1 |       |       |     1 |       ||     2
       Throw Icicle      |       |       |    19 |    28 |     8 ||    55
       Ozocubu's Armour  |       |       |     3 |    10 |     4 ||    17
       Shock             |       |       |    12 |    63 |    12 ||    87
       Lightning Bolt    |       |       |       |    48 |    25 ||    73
       Bolt of Magma     |       |       |       |    11 |       ||    11
       Summon Ice Beast  |       |       |       |     6 |     4 ||    10
       Dazzling Spray    |       |       |       |     3 |     1 ||     4
       Freezing Cloud    |       |       |       |    12 |    14 ||    26
       Fireball          |       |       |       |     7 |    16 ||    23
       Ozocubu's Refrige |       |       |       |       |     2 ||     2
Evoke: Wand              |     1 |     3 |     3 |     3 |     1 ||    11
       Staff of energy   |       |       |    26 |   123 |    53 ||   202
  Use: Potion            |       |       |     1 |       |       ||     1
       Scroll            |       |       |       |     5 |     1 ||     6
 Stab: Sleeping          |     1 |       |       |       |       ||     1
       Invisible         |       |       |       |     1 |       ||     1
  Eat: Bread ration      |       |       |     1 |       |       ||     1
       Chunk             |       |       |       |    16 |     8 ||    24
       Pizza             |       |       |       |     1 |       ||     1
